 Dungeon Crawl Stone Soup version 0.26-a0-30-g56b8cd3df0 (webtiles) character file.

Game seed: 17408755981497548806, levelgen mode: deterministic

179549 Lugonue the Imperceptible (level 17, -2/74 HPs)
             Began as a Spriggan Venom Mage on June 2, 2020.
             Was a High Priest of Sif Muna.
             Killed from afar by a fire dragon (48 damage)
             ... with a blast of flame
             ... on level 2 of the Elven Halls on June 3, 2020.
             The game lasted 02:18:48 (40560 turns).

Lugonue the Imperceptible (Spriggan Venom Mage)    Turns: 40560, Time: 02:18:48

Health: -2/74      AC: 14    Str:  4    XL:     17   Next: 61%
Magic:  25/41      EV: 22    Int: 24    God:    Sif Muna [*****.]
Gold:   736        SH:  0    Dex: 16    Spells: 25/54 levels left

rFire    . . .     SeeInvis +   b - +7 shortbow of Ywisikk {venom, +Blink MR+}
rCold    . . .     Gourm    .   (shield currently unavailable)
rNeg     . . .     Faith    .   V - +0 swamp dragon scales
rPois    +         Spirit   .   r - +2 hat
rElec    .         Reflect  .   (no cloak)
rCorr    .         Harm     .   (gloves unavailable)
MR       +++..                  (boots unavailable)
Stlth    +++++++++.             C - amulet of magic regeneration
HPRegen  0.22/turn              q - +4 ring of evasion
MPRegen  0.52/turn              y - +4 ring of protection

@: very slightly contaminated, studying Bows, very quick
A: very small, unfitting armour, see invisible, herbivore, speed 3, slow
metabolism 2
a: Channel Magic, Forget Spell, Divine Exegesis, Renounce Religion, Evoke Blink


You were on level 2 of the Elven Halls.
You worshipped Sif Muna.
Sif Muna was extremely pleased with you.
You were full.

You visited 6 branches of the dungeon, and saw 30 of its levels.
You also visited: Gauntlet.

You collected 2615 gold pieces.
You spent 1879 gold pieces at shops.

Inventory:

Hand Weapons
 a - a +2 dagger of electrocution
 b - the +7 shortbow of Ywisikk (weapon) {venom, +Blink MR+}
   (You bought it in a shop on level 12 of the Dungeon)

   It poisons the ammo it fires.
   It affects your resistance to hostile enchantments.
   It lets you blink.
 f - a +1 dagger of speed
 h - a +0 short sword of freezing
 N - a +1 short sword of venom
Missiles
 K - 381 arrows (quivered)
Armour
 r - a +2 hat (worn)
 t - a +1 troll leather armour {Purgy}
 D - the +2 buckler of Visid {*Corrode Int+4 Dex+4 SInv}
   (You found it on level 4 of the Lair of Beasts)

   It affects your intelligence (+4).
   It affects your dexterity (+4).
   It lets you see invisible.
   It may corrode you when you take damage.
 T - +0 acid dragon scales
 V - +0 swamp dragon scales (worn)
Jewellery
 q - a +4 ring of evasion (left hand)
 s - the ring of Esyunyul {*Drain rN++ Str+6 Dex+3}
   (You took it off an orc knight on level 15 of the Dungeon)

   [ring of strength]

   It affects your strength (+6).
   It affects your dexterity (+3).
   It greatly protects you from negative energy.
   It causes draining when unequipped.
 y - a +4 ring of protection (right hand)
 z - an uncursed ring of wizardry {unknown}
 C - an amulet of magic regeneration (around neck)
 P - an uncursed ring of fire
 S - an uncursed ring of poison resistance
 X - the ring "Wuelymm" {Str+6 Dex+3 Slay+4, unknown}
   (You found it on level 3 of the Swamp)

   [ring of slaying]

   It affects your strength (+6).
   It affects your dexterity (+3).
   It affects your accuracy and damage with ranged weapons and melee attacks
   (+4).
Wands
 j - a wand of acid (36)
 w - a wand of enslavement (3)
 A - a wand of flame (32)
 B - a wand of disintegration (29)
 F - a wand of random effects (32)
 G - a wand of clouds (2)
 H - a wand of iceblast (13)
 M - a wand of polymorph (5)
Scrolls
 k - 13 scrolls of identify
 m - 7 scrolls of amnesia
 v - 10 scrolls of remove curse
 E - 11 scrolls of teleportation
 J - a scroll of enchant weapon
 L - a scroll of fog
 R - 4 scrolls of enchant armour
 U - 3 scrolls of magic mapping
Potions
 d - 3 potions of lignification
 e - a potion of might
 g - a potion of heal wounds
 i - 6 potions of stabbing
 l - 2 potions of flight
 o - 11 potions of curing
 p - 2 potions of brilliance
 u - 3 potions of invisibility
 x - 2 potions of mutation
 I - 2 potions of berserk rage
 O - 3 potions of haste
 Q - 4 potions of cancellation
Books
 n - a manual of Bows
Comestibles
 c - 40 rations


   Skills:
 - Level 1.8 Fighting
 - Level 4.5 Short Blades
 - Level 14.0 Bows
 + Level 4.5 Armour
 - Level 10.4 Dodging
 - Level 25.8 Stealth
 - Level 3.7 Shields
 + Level 19.2 Spellcasting
 - Level 1.5 Conjurations
 - Level 6.4 Translocations
 - Level 9.9 Transmutations
 - Level 2.8 Fire Magic
 - Level 5.1 Air Magic
 - Level 9.4 Poison Magic
 + Level 1.8 Invocations
 - Level 1.4 Evocations


You had 25 spell levels left.
You knew the following spells:

 Your Spells              Type           Power        Failure   Level  Hunger
a - Sting                 Tmut/Pois      ####         1%          1    None
b - Poisonous Vapours     Pois/Air       ######       1%          2    None
c - Olgreb's Toxic Radia  Pois           ######..     2%          4    None
d - Ignite Poison         Fire/Tmut/Pois ######..     1%          3    None
e - Airstrike             Air            #####.....   12%         4    None
f - Blink                 Tloc           N/A          1%          2    None
g - Shock                 Conj/Air       ####         2%          1    None
h - Mephitic Cloud        Conj/Pois/Air  #####...     3%          3    None
i - Statue Form           Tmut/Erth      #####....    90%         6    ###....
j - Stone Arrow           Conj/Erth      ####..       22%         3    None

Your spell library contained the following spells:

 Spells                   Type           Power        Failure   Level  Hunger
 Beastly Appendage        Tmut           ######       1%          1    None
 Sticks to Snakes         Tmut           ######..     1%          2    None
 Spider Form              Tmut/Pois      ######....   1%          3    None
 Gell's Gravitas          Tloc           ######....   2%          3    None
 Foxfire                  Conj/Fire      ####         4%          1    None
 Blade Hands              Tmut           ######....   4%          5    None
 Magic Dart               Conj           ####         5%          1    None
 Swiftness                Chrm/Air       #####...     5%          2    None
 Alistair's Intoxication  Tmut/Pois      ######..     5%          5    None
 Static Discharge         Conj/Air       #####...     8%          3    None
 Recall                   Summ/Tloc      N/A          9%          3    None
 Animate Skeleton         Necr           N/A          11%         1    None
 Pain                     Necr           ###.         11%         1    None
 Conjure Flame            Conj/Fire      ####....     12%         3    None
 Ice Form                 Ice/Tmut       #####...     13%         4    None
 Petrify                  Tmut/Erth      #####...     13%         4    None
 Call Imp                 Summ           ###.....     16%         2    None
 Slow                     Hex            ###.....     16%         2    None
 Sublimation of Blood     Necr           ###.......   16%         2    None
 Iskenderun's Mystic Bla  Conj/Tloc      #####...     21%         4    None
 Call Canine Familiar     Summ           ###.....     30%         3    None
 Confusing Touch          Hex            ###.....     30%         3    None
 Summon Guardian Golem    Hex/Summ       ###.....     30%         3    None
 Vampiric Draining        Necr           ###.......   30%         3    None
 Yara's Violent Unravell  Hex/Tmut       #####.....   36%         5    None
 Lightning Bolt           Conj/Air       #####.....   58%         5    None
 Animate Dead             Necr           N/A          71%         4    None
 Leda's Liquefaction      Hex/Erth       ###.......   71%         4    None
 Fireball                 Conj/Fire      ####......   75%         5    None
 Bolt of Magma            Conj/Fire/Erth ####......   83%         5    None
 Iskenderun's Battlesphe  Conj/Chrm      ####....     91%         5    None
 Agony                    Necr           ###.....     96%         5    None
 Excruciating Wounds      Chrm/Necr      ###.......   96%         5    None
 Metabolic Englaciation   Hex/Ice        ###.......   96%         5    None
 Starburst                Conj/Fire      ####......   99%         6    ###....
 Iron Shot                Conj/Erth      ####......   100%        6    ###....
 Haunt                    Necr/Summ      ###.......   100%        7    #####..
 Ring of Flames           Chrm/Fire      ####......   100%        7    #####..
 Spellforged Servitor     Conj/Summ      ####......   100%        7    #####..
 Ignition                 Fire           #####.....   100%        8    ######.
 Infestation              Necr           ###.......   100%        8    ######.
 Lehudib's Crystal Spear  Conj/Erth      ####......   100%        8    ######.
 Summon Horrible Things   Summ           ###.......   100%        8    ######.
 Fire Storm               Conj/Fire      ####......   100%        9    #######
 Shatter                  Erth           ###.......   100%        9    #######


Dungeon Overview and Level Annotations

Branches:
Dungeon (15/15)            Temple (1/1) D:4            Lair (6/6) D:11
  Swamp (4/4) Lair:4        Snake (0/4) Lair:4        Slime (0/5) Lair:5
    Orc (2/2) D:10            Elf (2/3) Orc:2        Vaults (0/5) D:13
 Depths (0/5) D:15        Gauntlet (visited)

Altars:
Ashenzari
Cheibriados
Dithmenos
Elyvilon
Fedhas
Gozag
Hepliaklqana
Kikubaaqudgha
Makhleb
Nemelex Xobeh
Okawaru
Qazlal
Ru
Sif Muna
Trog
Uskayaw
Vehumet
Wu Jian
Xom
Yredelemnul
Zin
The Shining One
Beogh
Jiyva

Shops:
D:4 (*(*=   D:12 (   Orc:1 *?   Orc:2 :*[((   Swamp:2 *

Annotations:
D:8 3 runed translucent doors, UristMcRaven's ghost, novice DECj
D:11 3 runed translucent doors, 2 transporters, Aliaxzyxt's ghost, journeyman DrCj
Lair:3 exclusion: 3 oklob plants
Lair:6 2 transporters, Reniomp's ghost, journeyman DDFi
Swamp:3 1 runed translucent door, Puraloziti's ghost, journeyman TeAE


Innate Abilities, Weirdness & Mutations

You are very small and have problems with some larger weapons.
You are too small for most types of armour.
You have supernaturally acute eyesight. (SInv)
You are a herbivore.
You cover ground extremely quickly.
You need to consume almost no food.


Message History

There is an open door here.
Casting: Airstrike (dangerous; 12% risk of failure)
Confirm with . or Enter, or press ? or * to list all spells.
Aiming: Airstrike (dangerous; 12% risk of failure)
Press: ? - help, Dir - move target cursor, f/p - fire dragon
Aim: a fire dragon (severely wounded, catching its breath)
You miscast Airstrike.
You are very lightly contaminated with residual magic.
Nothing appears to happen.
Casting: Airstrike (dangerous; 12% risk of failure)
Confirm with . or Enter, or press ? or * to list all spells.
Aiming: Airstrike (dangerous; 12% risk of failure)
Press: ? - help, Dir - move target cursor, f/p - fire dragon
Aim: a fire dragon (severely wounded)
The air twists around and violently strikes the fire dragon!
The fire dragon is severely wounded.
The fire dragon breathes flames at you. The blast of flame hits you!!!
Ouch! That really hurt!
You die...

####.## # ##.## ## ##.##
.## #### ##)## #.####..#
##.###### ##'#...<#
##'#...###
##......########.......#
(((..e(['<)..D.'.......#
##(.(.(.########@..8...#
####....# #....>..#
###..# #.......# ####
#'#...### .###### .# .#


You could see a fire dragon (catching breath).

Vanquished Creatures
  Rupert (D:13)
  Kirke (Lair:6)
  2 sphinxes (Elf:2)
  3 orc warlords
  A very ugly thing (Swamp:3)
  An entropy weaver (Gauntlet)
  A deep elf demonologist (Elf:2)
  A minotaur (Gauntlet)
  A deep elf annihilator (Elf:1)
  A deep elf death mage (Elf:1)
  A fire dragon (Lair:6)
  9 slime creatures
  A rakshasa (D:15)
  20 hydras
  A ghost crab (Swamp:2)
  3 centaur warriors (D:13)
  2 shambling mangroves
  7 dancing weapons
  A tengu warrior (D:14)
  10 alligators
  6 two-headed ogres
  8 death yaks (Lair:6)
  Sonja (D:13)
  Urug (Lair:6)
  5 orc high priests
  7 deep elf knights
  6 skeletal warriors
  4 spriggan druids
  An unseen horror (D:14)
  A flayed ghost (D:15)
  A spectral hydra (Gauntlet)
  4 swamp dragons
  A wolf spider (shapeshifter) (D:14)
  2 lindwurms
  4 deep elf archers
  A wolf spider (Gauntlet)
  2 necromancers
  7 orc knights
  22 deep elf magi
  A stone giant zombie (D:15)
  5 orc sorcerers
  A fire giant zombie (D:15)
  3 manticores
  6 elephants
  10 ugly things
  5 cyclopes
  A moth of wrath (Gauntlet)
  A guardian serpent (Lair:4)
  12 black mambas
  3 molten gargoyles (Lair:6)
  3 torpor snails (Lair:4)
  A rime drake (shapeshifter) (Elf:1)
  17 spiny frogs
  8 rime drakes
  A freezing wraith (D:13)
  A gargoyle (D:14)
  13 komodo dragons
  A spriggan skeleton (D:15)
  3 tengu conjurers
  A harpy zombie (D:15)
  A queen bee (Lair:3)
  14 tyrant leeches
  11 trolls
  A jumping spider (Gauntlet)
  A polar bear (Lair:6)
  9 bog bodies
  8 hornets
  9 hippogriffs
  Grinder (D:3)
  24 blink frogs
  A spriggan zombie (D:15)
  4 dream sheep (Lair:5)
  5 large abominations (Elf:1)
  2 vampires
  A water elemental (Elf:1)
  3 spriggans
  Sigmund (D:2)
  A wyvern (shapeshifter) (Elf:2)
  64 yaks
  A shadow (D:15)
  2 air elementals (Elf:2)
  8 basilisks
  2 fire elementals (Elf:1)
  2 hogs (Lair:6)
  16 humans (D:13)
  14 wyverns
  A wraith (D:10)
  3 hungry ghosts
  28 vampire mosquitoes
  4 wargs
  2 acid dragons
  5 insubstantial wisps
  10 swamp worms
  A soldier ant (D:12)
  8 porcupines
  Duvessa (D:4)
  9 hell hounds
  8 swamp drakes
  17 water moccasins
  40 orc warriors
  2 black bears
  6 ice beasts
  Purgy (D:3)
  3 sky beasts
  2 phantoms
  3 eyes of draining
  14 ogres
  15 centaurs
  17 wolves
  16 crocodiles
  An elf zombie (Elf:1)
  17 bullfrogs
  A wyvern skeleton (D:13)
  Dowan (D:4)
  3 scorpions
  A water moccasin skeleton (D:8)
  32 killer bees (Lair:3)
  10 wights
  2 electric eels (D:9)
  A howler monkey (D:9)
  6 crimson imps
  5 lava snakes (Lair:6)
  A quasit (D:11)
  2 centaur zombies
  4 bullfrog zombies
  6 hounds
  5 jellies
  19 orc priests
  A gnoll shaman (D:6)
  5 centaur skeletons
  2 iguanas
  3 bullfrog skeletons
  Ijyb (D:3)
  Terence (D:2)
  26 orc wizards
  A hell rat (Lair:3)
  6 worker ants
  A hound skeleton (D:8)
  A worker ant zombie (D:7)
  14 gnolls
  8 adders
  8 shadow imps
  4 oozes
  2 adder skeletons
  2 adder zombies
  5 worms
  2 dart slugs
  4 leopard geckos
  83 orcs
  A ball python (D:6)
  3 bats
  6 giant cockroaches
  6 goblins
  9 hobgoblins
  15 jackals
  2 quokkas
  5 frilled lizards
  A jackal skeleton (D:4)
  6 kobolds
  9 rats
1031 creatures vanquished.

Vanquished Creatures (others)
  A hydra (Lair:5)
  A human (Lair:6)
  An orc warrior (D:15)
  2 bushes (Lair:3)
  2 demonic plants (Gauntlet)
  35 fungi
  10 plants
  3 withered plants (D:15)
55 creatures vanquished.

Grand Total: 1086 creatures vanquished

Notes
Turn   | Place    | Note
-------+----------+-------------------------------------------
     0 | D:1      | Lugonue the Spriggan Venom Mage began the quest for the
                  | Orb.
     0 | D:1      | Reached XP level 1. HP: 9/9 MP: 5/5
   287 | D:1      | Reached XP level 2. HP: 4/13 MP: 0/6
   765 | D:1      | Learned a level 2 spell: Poisonous Vapours
   969 | D:2      | Found a basalt altar of Yredelemnul.
   969 | D:2      | Noticed Sigmund
   981 | D:2      | Killed Sigmund
   981 | D:2      | Reached skill level 1 in Short Blades
   981 | D:2      | Reached skill level 4 in Stealth
   981 | D:2      | Reached XP level 3. HP: 16/16 MP: 0/9
   981 | D:2      | Reached XP level 4. HP: 21/21 MP: 0/11
   981 | D:2      | Reached XP level 5. HP: 24/24 MP: 0/12
  1256 | D:2      | Reached skill level 5 in Stealth
  1419 | D:2      | Noticed an orc warrior
  1420 | D:2      | Noticed Terence
  1447 | D:2      | Killed Terence
  1485 | D:2      | Killed an orc warrior
  1485 | D:2      | Reached XP level 6. HP: 28/28 MP: 1/14
  1978 | D:2      | Learned a level 4 spell: Olgreb's Toxic Radiance
  2356 | D:3      | Noticed Purgy
  2365 | D:3      | Reached skill level 5 in Spellcasting
  2374 | D:3      | Killed Purgy
  2484 | D:3      | Reached skill level 6 in Stealth
  2531 | D:3      | Noticed Ijyb
  2552 | D:3      | Noticed Grinder
  2907 | D:3      | Killed Ijyb
  3042 | D:3      | Reached XP level 7. HP: 32/32 MP: 11/15
  3111 | D:3      | Learned a level 3 spell: Ignite Poison
  3147 | D:3      | Killed Grinder
  3475 | D:3      | Found a glowing golden altar of the Shining One.
  3530 | D:4      | Found Nyll's General Store.
  3577 | D:4      | Found a staircase to the Ecumenical Temple.
  3597 | Temple   | Entered the Ecumenical Temple
  3856 | D:4      | Found Fuapiu's Jewellery Shoppe.
  3952 | D:4      | Found Haletoum's Weapon Shoppe.
  3952 | D:4      | Noticed Dowan
  3953 | D:4      | Noticed Duvessa
  3959 | D:4      | Killed Dowan
  3968 | D:4      | Killed Duvessa
  3968 | D:4      | Reached skill level 7 in Stealth
  4098 | D:4      | Reached skill level 5 in Poison Magic
  4233 | D:4      | Found Ryutossu's Weapon Boutique.
  4358 | D:4      | Reached XP level 8. HP: 36/36 MP: 16/18
  4494 | D:4      | Found Pafyb's Assorted Antiques.
  4647 | D:4      | Found a shimmering altar of Xom.
  4696 | D:5      | Entered Level 5 of the Dungeon
  4831 | D:5      | Reached skill level 5 in Transmutations
  4873 | D:5      | Learned a level 4 spell: Airstrike
  4997 | D:5      | Reached skill level 8 in Stealth
  5099 | D:5      | Reached skill level 1 in Armour
  5259 | D:5      | Reached skill level 1 in Air Magic
  5491 | D:5      | Found a snail-covered altar of Cheibriados.
  5531 | D:5      | Found a glowing silver altar of Zin.
  5639 | D:5      | Reached skill level 9 in Stealth
  5918 | D:5      | Found a bloodstained altar of Trog.
  6390 | D:6      | Found a hide-covered altar of Uskayaw.
  6466 | D:6      | Reached XP level 9. HP: 40/40 MP: 5/21
  6612 | D:6      | Got an ichor-stained robe
  6614 | D:6      | Identified the +2 robe "Sairups" {rF- rCorr Dex+7} (You
                  | found it on level 6 of the Dungeon)
  6630 | D:6      | Found an ornate altar of the Wu Jian Council.
  7275 | D:7      | Learned a level 2 spell: Blink
  7322 | D:7      | Learned a level 1 spell: Shock
  7661 | D:7      | Reached skill level 10 in Stealth
  8025 | D:7      | Reached skill level 1 in Fire Magic
  8442 | D:8      | Found a runed translucent gate.
  8442 | D:8      | Found a runed translucent gate.
  8442 | D:8      | Found a runed translucent gate.
  8443 | D:8      | Noticed UristMcRaven's ghost (novice DECj)
  8766 | D:8      | Found a viscous altar of Jiyva.
  9536 | D:9      | Reached XP level 10. HP: 44/44 MP: 12/24
  9537 | D:9      | Reached skill level 11 in Stealth
  9646 | D:9      | Reached skill level 10 in Spellcasting
  9977 | D:9      | Noticed a two-headed ogre
  9982 | D:9      | Killed a two-headed ogre
 10058 | D:9      | Reached skill level 1 in Conjurations
 10123 | D:9      | Reached skill level 5 in Dodging
 10408 | D:9      | Found a radiant altar of Vehumet.
 10408 | D:9      | Found a shimmering blue altar of Sif Muna.
 11013 | D:10     | Entered Level 10 of the Dungeon
 11090 | D:10     | Noticed a two-headed ogre
 11098 | D:10     | Killed a two-headed ogre
 11098 | D:10     | Reached skill level 12 in Stealth
 11287 | D:10     | Reached XP level 11. HP: 46/48 MP: 12/27
 11402 | D:10     | Found a staircase to the Orcish Mines.
 12051 | Orc:1    | Entered Level 1 of the Orcish Mines
 12082 | D:10     | Learned a level 3 spell: Mephitic Cloud
 12423 | D:11     | Noticed a minotaur
 12428 | D:11     | Noticed Aliaxzyxt's ghost (journeyman DrCj)
 12459 | D:11     | Found a runed translucent gate.
 12459 | D:11     | Found a runed translucent gate.
 12459 | D:11     | Found a runed translucent gate.
 12460 | D:11     | Noticed an unseen horror
 12728 | D:11     | Noticed an orc knight
 12866 | D:11     | Found a staircase to the Lair.
 12919 | D:11     | Found a transporter.
 12919 | D:11     | Found a transporter.
 12920 | D:11     | Noticed an orc high priest
 12922 | D:11     | Found a roughly hewn altar of Beogh.
 12953 | Lair:1   | Entered Level 1 of the Lair of Beasts
 13289 | Lair:1   | Reached skill level 13 in Stealth
 14367 | Lair:3   | Reached skill level 1 in Fighting
 14369 | Lair:3   | Reached XP level 12. HP: 48/53 MP: 10/30
 14448 | Lair:3   | Noticed an eight-headed hydra
 14479 | Lair:3   | Killed an eight-headed hydra
 14608 | Lair:3   | Reached skill level 14 in Stealth
 14806 | Lair:3   | Noticed a four-headed hydra
 14862 | Lair:3   | Killed a four-headed hydra
 15252 | Lair:3   | Reached skill level 5 in Air Magic
 15870 | Lair:3   | Reached skill level 1 in Evocations
 16357 | Lair:4   | Found a basalt altar of Yredelemnul.
 16367 | Lair:4   | Got a distressingly furry buckler
 16378 | Lair:4   | Identified the +2 buckler of Visid {*Corrode Int+4 Dex+4
                  | SInv} (You found it on level 4 of the Lair of Beasts)
 16429 | Lair:4   | Found a staircase to the Snake Pit.
 16481 | Lair:4   | Reached skill level 15 in Stealth
 16486 | Lair:4   | Reached XP level 13. HP: 57/57 MP: 32/32
 16555 | Lair:4   | Found a snail-covered altar of Cheibriados.
 16770 | Lair:4   | Found the +7 Kryia's mail coat {PotionHeal*2 rC+}
 16795 | Lair:4   | Reached skill level 16 in Stealth
 17146 | Lair:4   | Found a staircase to the Swamp.
 17328 | Lair:4   | Reached skill level 1 in Translocations
 17460 | Lair:5   | Reached skill level 1 in Shields
 17465 | Lair:5   | Reached skill level 17 in Stealth
 17822 | Lair:5   | Found a staircase to the Slime Pits.
 18331 | Lair:6   | Entered Level 6 of the Lair of Beasts
 18331 | Lair:6   | Noticed Urug
 18340 | Lair:6   | Killed Urug
 18465 | Lair:6   | Noticed Kirke
 18806 | D:9      | Became a worshipper of Sif Muna the Loreminder
 19007 | Lair:6   | Reached skill level 18 in Stealth
 19225 | Lair:6   | Killed Kirke
 19225 | Lair:6   | Reached skill level 5 in Translocations
 19364 | Lair:6   | Found a transporter.
 19380 | Lair:6   | Reached XP level 14. HP: 61/61 MP: 8/33
 19533 | Lair:6   | Reached skill level 10 in Dodging
 19592 | Lair:6   | Reached * piety under Sif Muna
 19982 | Lair:6   | Reached skill level 19 in Stealth
 20105 | Lair:6   | Reached ** piety under Sif Muna
 20207 | Lair:6   | Noticed Reniomp's ghost (journeyman DDFi)
 20293 | Lair:6   | Reached skill level 20 in Stealth
 20437 | Lair:6   | Found a transporter.
 20629 | Lair:6   | Found a large runed translucent door.
 20774 | Lair:6   | Found a large runed translucent door.
 20946 | Lair:6   | Got a scintillating brass ring
 20952 | Lair:6   | Identified the ring of Xieshru {+Blink rC- Int+4 Dex+3
                  | Stlth+} (You found it on level 6 of the Lair of Beasts)
 21484 | D:12     | Reached skill level 21 in Stealth
 21803 | D:12     | Found Xeddosuv's Antique Weapon Emporium.
 21907 | D:12     | Reached *** piety under Sif Muna
 22472 | D:13     | Found a gate to the Vaults.
 22472 | D:13     | Noticed Rupert
 22479 | D:13     | Reached skill level 22 in Stealth
 22492 | D:13     | Reached **** piety under Sif Muna
 22495 | D:13     | Killed Rupert
 22495 | D:13     | Reached XP level 15. HP: 52/65 MP: 1/34
 22640 | D:13     | Found a gate leading to a gauntlet.
 22649 | Gauntlet | Entered a Gauntlet
 22649 | Gauntlet | Found a transporter.
 22660 | Gauntlet | Found a transporter.
 22686 | Gauntlet | Found a large runed translucent door.
 22687 | Gauntlet | Found a large runed translucent door.
 22688 | Gauntlet | Found a large runed translucent door.
 22688 | Gauntlet | Found a large runed translucent door.
 22688 | Gauntlet | Found a runed translucent door.
 22688 | Gauntlet | Found a runed translucent door.
 22689 | Gauntlet | Found a large runed translucent door.
 22690 | Gauntlet | Found a large runed translucent door.
 22691 | Gauntlet | Found a large runed translucent door.
 22691 | Gauntlet | Found a large runed translucent door.
 22692 | Gauntlet | Found a runed translucent gate.
 22692 | Gauntlet | Found a runed translucent gate.
 22692 | Gauntlet | Found a runed translucent gate.
 22694 | Gauntlet | Found a transporter.
 22703 | Gauntlet | Found a large runed translucent door.
 22703 | Gauntlet | Found a large runed translucent door.
 22704 | Gauntlet | Found a large runed translucent door.
 22709 | Gauntlet | Found a large runed translucent door.
 22713 | Gauntlet | Found a transporter.
 22720 | Gauntlet | Found a transporter.
 22741 | Gauntlet | Found a transporter.
 22754 | Gauntlet | Found a transporter.
 22766 | Gauntlet | Found a transporter.
 22778 | Gauntlet | Found a transporter.
 22790 | Gauntlet | Found a transporter.
 22802 | Gauntlet | Found a transporter.
 22819 | Gauntlet | Found a transporter.
 22837 | Gauntlet | Found a transporter.
 22864 | Gauntlet | Found a transporter.
 22866 | Gauntlet | Found a transporter.
 22881 | Gauntlet | Found a large runed translucent door.
 22881 | Gauntlet | Found a large runed translucent door.
 22892 | Gauntlet | Found a transporter.
 22897 | Gauntlet | Found a transporter.
 22900 | Gauntlet | Found a transporter.
 22900 | Gauntlet | Found a large runed translucent door.
 22900 | Gauntlet | Found a large runed translucent door.
 23002 | Gauntlet | Reached skill level 23 in Stealth
 23798 | D:13     | Noticed Sonja
 23804 | D:13     | Killed Sonja
 24438 | Swamp:1  | Entered Level 1 of the Swamp
 24627 | Orc:1    | Noticed an orc warlord
 24633 | Orc:1    | Reached skill level 24 in Stealth
 24646 | Orc:1    | Killed an orc warlord
 24802 | Orc:1    | Found a radiant altar of Vehumet.
 24917 | Orc:1    | Reached ***** piety under Sif Muna
 24964 | Orc:1    | Found Naemeam's Magic Scroll Emporium.
 24978 | Orc:1    | Found Orair's General Store.
 24983 | Orc:1    | Bought a scroll of enchant armour for 112 gold pieces
 25050 | Orc:2    | Entered Level 2 of the Orcish Mines
 25080 | Orc:2    | Identified Sif Muna's Almanac of Calling and Clay (Sif Muna
                  | gifted it to you on level 2 of the Orcish Mines)
 25080 | Orc:2    | Received a gift from Sif Muna
 25231 | Orc:2    | Noticed an orc warlord
 25250 | Orc:2    | Killed an orc warlord
 25296 | Orc:2    | Found a roughly hewn altar of Beogh.
 25325 | Orc:2    | Noticed an orc warlord
 25344 | Orc:2    | Killed an orc warlord
 25344 | Orc:2    | Reached skill level 25 in Stealth
 25347 | Orc:2    | Found a staircase to the Elven Halls.
 25396 | Orc:2    | Found Ifakhlotu's Antique Weapon Shoppe.
 25435 | Orc:2    | Bought a glowing dagger for 125 gold pieces
 25866 | Orc:2    | Found Ustroi's General Store.
 25867 | Orc:2    | Found Enaplar's Book Shop.
 25868 | Orc:2    | Found Asuucoc's Antique Armour Shop.
 25868 | Orc:2    | Found Feanifryul's Antique Weapon Boutique.
 25882 | Orc:2    | Bought a scroll of enchant armour for 120 gold pieces
 25882 | Orc:2    | Bought a +1 dagger of speed for 208 gold pieces
 25883 | Orc:2    | Bought a book of the Earth for 780 gold pieces
 26045 | Orc:2    | Learned a level 6 spell: Statue Form
 26517 | D:14     | Received a gift from Sif Muna
 26799 | D:14     | Reached skill level 15 in Spellcasting
 26906 | D:14     | Reached skill level 1 in Invocations
 26925 | D:14     | Reached XP level 16. HP: 45/70 MP: 7/36
 27423 | D:15     | Entered Level 15 of the Dungeon
 27723 | D:15     | Identified the ring of Esyunyul {*Drain rN++ Str+6 Dex+3}
 27817 | D:15     | Identified the +5 mace of the Lumpy Quests {vorpal, rN+
                  | Str+4 Int+4}
 27943 | D:15     | Found a staircase to the Depths.
 28441 | D:12     | Bought a shimmering shortbow for 264 gold pieces
 28450 | D:12     | Identified the +7 shortbow of Ywisikk {venom, +Blink MR+}
                  | (You bought it in a shop on level 12 of the Dungeon)
 29407 | D:15     | Reached skill level 1 in Bows
 30165 | D:15     | Reached skill level 5 in Bows
 30395 | Swamp:1  | HP: 2/70 [swamp worm (16)]
 32156 | Swamp:1  | Reached skill level 10 in Bows
 32442 | Swamp:2  | Found Byxah's Island Escapes.
 34022 | Swamp:2  | Bought a scroll of blinking for 150 gold pieces
 34022 | Swamp:2  | Bought a scroll of teleportation for 60 gold pieces
 34022 | Swamp:2  | Bought a scroll of teleportation for 60 gold pieces
 34044 | Swamp:3  | Found a runed translucent door.
 34046 | Swamp:3  | Found a shimmering altar of Xom.
 34046 | Swamp:3  | Noticed Puraloziti's ghost (journeyman TeAE)
 34249 | Swamp:3  | Identified Osmaps's Volume of Conjuration (Sif Muna gifted
                  | it to you on level 3 of the Swamp)
 34249 | Swamp:3  | Received a gift from Sif Muna
 34255 | Swamp:3  | Learned a level 3 spell: Stone Arrow
 34370 | Swamp:3  | Got an ancient marble ring
 34719 | Swamp:4  | Entered Level 4 of the Swamp
 35266 | Swamp:3  | Identified the +5 great sword of the Devouring Augurer
                  | {chaos, +Inv rPois rF+ Int-4 Stlth+}
 36189 | Swamp:4  | Reached XP level 17. HP: 65/74 MP: 18/39
 36873 | Elf:1    | Entered Level 1 of the Elven Halls
 38193 | Elf:1    | Identified Hydim's Incunabulum of Necromancy
 38999 | Elf:2    | Noticed a Brimstone Fiend
 40264 | Elf:2    | Identified Sif Muna's Almanac of Sinister Transmigration
                  | (Sif Muna gifted it to you on level 2 of the Elven Halls)
 40264 | Elf:2    | Received a gift from Sif Muna
 40560 | Elf:2    | Killed from afar by a fire dragon

Illustrated notes

Levels and vault maps discovered:
D:1:      dpeg_arrival_three_bigger_balls, layout_basic, minmay_heptomino_l4
D:2:      layout_basic, overflow_temple_1_default, first_ration,
          minmay_misc_feat_roman, uniq_terence, uniq_sigmund
D:3:      layout_loops_ring, tso_altar, minmay_fractal_squares_gapless_5,
          uniq_ijyb, uniq_grinder, uniq_purgy
D:4:      layout_loops_ring, temple_fountains, serial_shops, shop_statue,
          nicolae_shop_trees, kennysheep_little_box, shop, nicolae_shop_crystal,
          tgw_xom, uniq_duvessa
D:5:      layout_basic, lemuel_round_altar, overflow_temple_1_default,
          lemuel_crystal_altar
D:6:      layout_basic, eat_drink_and_be_merry_uskayaw, lemuel_crystal_altar
D:7:      layout_cave_pools, serial_bayou_crossing
D:8:      wander_river, layout_loops_ring, gammafunk_ghost_ooze
D:9:      layout_basic, amethyst_overflow_temple_binary,
          kennysheep_generic_room_8
D:10:     layout_layer_cave, orc_0_dummy
D:11:     gammafunk_beogh_shrine, layout_basic, lair_entry_dummy,
          maelrawn_ghost_gauntlet_escape
D:12:     layout_loops_corners, serial_shops, shop, grunt_tengu_nest,
          kennysheep_generic_room_11
D:13:     layout_long_grid, david_vaults_3, gauntlet_entry_generic, uniq_sonja
D:14:     layout_loops_ring, uniq_rupert
D:15:     gammafunk_depths_entry_grave, layout_loops_cross,
          serial_co_window_serial, co_window_paths_a, co_window_paths_a,
          co_window_corner_a, co_window_paths_a, co_window_of_opportunity_a,
          co_window_of_opportunity_b, co_window_broadway_a,
          co_window_of_opportunity_b, co_window_broadway_b, co_window_corner_ca,
          co_window_broadway_c, co_window_2corner, glass_columns_a,
          glass_columns_b, glass_columns_a, glass_columns_c, glass_columns_c,
          minmay_misc_feat_pillars
Temple:   dshaligram_water_room_temple
Lair:1:   statuecave_lemuel, layout_regular_city, infiniplex_staircase_pool_2,
          serial_bayou_shore_b, lemuel_fruit_tree
Lair:2:   layout_loops_ring, grunt_megastairs_2
Lair:3:   hangedman_what_comes_after_a, layout_hall_layers
Lair:4:   beast_lair_carwin_large_2, layout_misc_corridors,
          minmay_swamp_entry_swarm, minmay_snake_entry_spellcaster, basic_altar,
          kennysheep_snail_temple
Lair:5:   layout_regular_city, nicolae_slime_entry_slimehenge,
          serial_bayou_shore_b
Lair:6:   cheibrodos_lair_end_hotspot, layout_long_grid, special_room
          [special_room_mythical_zoo], gammafunk_ghost_berserking_beasts,
          uniq_urug, uniq_kirke
Swamp:1:  layout_basic_swamp, evilmike_swamp_ruin_house_1, swamp_pool5,
          infiniplex_staircase_pool
Swamp:2:  layout_basic_swamp, evilmike_swamp_ruin_rubble_2,
          nicolae_swamp_triple_paths, swamp_pool1, hangedman_swamp_pad,
          nicolae_swamp_round_clearing, nicolae_island_escapes
Swamp:3:  layout_falls_marsh, ebering_ghost_xom, hangedman_swamp_lotus,
          swamp_pool2, cheibrodos_swamp_pet_leeches
Swamp:4:  grunt_swamp_rune_castle, layout_basic_swamp
Orc:1:    layout_caves, serial_shops, shop, nicolae_shop_stone, shop,
          nicolae_shop_stone, basic_altar
Orc:2:    st_orc_congregation, layout_diamond_mine, basic_altar, serial_shops,
          shop
Elf:1:    eino_elf_arrival_customs, layout_loops_cross, minmay_elf_necromancy
Elf:2:    layout_geoelf_octagon, special_room [special_room_mythical_zoo]

Skill      XL: |  1  2  3  4  5  6  7  8  9 10 11 12 13 14 15 16 17 |
---------------+----------------------------------------------------+-----
Spellcasting   | 4 5 6 7 9 11 13 14 15 17 19 | 19.2
Short Blades   | 1 2 3 4 |  4.5
Stealth        | 4 5 6 7 9 10 12 13 15 18 22 25 | 25.8
Transmutations | 2 3 4 5 6 7 8 9 |  9.9
Poison Magic   | 4 5 6 7 8 9 |  9.4
Armour         | 1 2 3 4 |  4.5
Dodging        | 4 5 6 9 10 | 10.4
Air Magic      | 1 2 3 4 5 |  5.1
Fire Magic     | 1 2 |  2.8
Conjurations   | 1 |  1.5
Fighting       | 1 |  1.8
Evocations     | 1 |  1.4
Translocations | 5 6 |  6.4
Shields        | 2 3 |  3.7
Invocations    | 1 |  1.8
Bows           | 14 | 14.0

Action                   |  1- 3 |  4- 6 |  7- 9 | 10-12 | 13-15 | 16-18 || total
-------------------------+-------+-------+-------+-------+-------+-------++-------
Melee: Short sword       |     8 |    29 |    96 |    64 |   100 |       ||   297
       Unarmed           |     3 |       |       |       |       |       ||     3
       Dagger            |       |       |       |       |    53 |    52 ||   105
 Fire: Shortbow          |       |       |       |       |       |   518 ||   518
 Cast: Sting             |    30 |    48 |   158 |   135 |   125 |    15 ||   511
       Poisonous Vapours |     3 |     8 |    27 |    54 |    47 |    33 ||   172
       Olgreb's Toxic Ra |       |     1 |    13 |    38 |    93 |    20 ||   165
       Ignite Poison     |       |       |    24 |    64 |   127 |   112 ||   327
       Shock             |       |       |    58 |    72 |       |    10 ||   140
       Airstrike         |       |       |       |    17 |   164 |   181 ||   362
       Blink             |       |       |       |     9 |    25 |    25 ||    59
       Mephitic Cloud    |       |       |       |     1 |    66 |    41 ||   108
       Stone Arrow       |       |       |       |       |       |     6 ||     6
Invok: Channel Magic     |       |       |       |       |     3 |     4 ||     7
Evoke: Wand              |       |       |       |     2 |    27 |    22 ||    51
  Use: Scroll            |     2 |     1 |    10 |    14 |     7 |     7 ||    41
       Potion            |       |       |     2 |       |     7 |     8 ||    17
 Stab: Sleeping          |     1 |     7 |    23 |    32 |    25 |    13 ||   101
       Distracted        |     1 |     3 |     3 |       |     3 |     2 ||    12
       Paralysed         |       |       |       |       |     5 |     4 ||     9
       Confused          |       |       |       |       |     8 |     1 ||     9
  Eat: Ration            |       |       |     6 |     6 |       |    10 ||    22
Armor: Robe              |     1 |     1 |       |       |       |       ||     2
       Troll leather arm |       |     3 |    40 |    34 |    41 |     6 ||   124
       Swamp dragon scal |       |       |       |       |       |    37 ||    37
       Acid dragon scale |       |       |       |       |       |     7 ||     7
Dodge: Dodged            |    32 |    32 |   183 |   227 |   326 |   265 ||  1065
Block: Buckler           |       |       |       |       |   178 |    22 ||   200

Table legend:
 A = Non-vault XP
 B = Vault XP
 C = Vault XP percentage of total XP
 D = Non-vault monster count
 E = Vault monster count
 F = Vault count percentage of total count
                 A         B        C        D         E       F
            +---------+---------+-------+---------+---------+-------
      Total |  181993 |   79381 |  30.4 |     743 |     289 |  28.0
            +---------+---------+-------+---------+---------+-------
        D:1 |      26 |       6 |  18.8 |      16 |       4 |  20.0
        D:2 |     209 |     248 |  54.3 |      21 |       2 |   8.7
        D:3 |      85 |     449 |  84.1 |      17 |       6 |  26.1
        D:4 |     289 |     292 |  50.3 |       8 |       6 |  42.9
        D:5 |     783 |       0 |   0.0 |      28 |       0 |   0.0
        D:6 |     993 |       0 |   0.0 |      23 |       0 |   0.0
        D:7 |     937 |       0 |   0.0 |      21 |       0 |   0.0
        D:8 |     780 |       0 |   0.0 |      18 |       0 |   0.0
        D:9 |    3542 |      54 |   1.5 |      27 |       1 |   3.6
       D:10 |    4102 |       0 |   0.0 |      45 |       0 |   0.0
       D:11 |    2242 |       0 |   0.0 |      14 |       0 |   0.0
       D:12 |    7210 |     334 |   4.4 |      32 |       1 |   3.0
       D:13 |    6910 |    8401 |  54.9 |      35 |      21 |  37.5
       D:14 |   20166 |       0 |   0.0 |      54 |       0 |   0.0
       D:15 |    8711 |    4506 |  34.1 |      25 |       8 |  24.2
     Lair:1 |    2961 |       0 |   0.0 |      20 |       0 |   0.0
     Lair:2 |    1042 |    1380 |  57.0 |       4 |       4 |  50.0
     Lair:3 |    9899 |    6644 |  40.2 |      37 |      54 |  59.3
     Lair:4 |    4136 |    4539 |  52.3 |      19 |      14 |  42.4
     Lair:5 |    7960 |     106 |   1.3 |      30 |       5 |  14.3
     Lair:6 |   17744 |   15417 |  46.5 |      42 |      48 |  53.3
    Swamp:1 |   10602 |     417 |   3.8 |      27 |       3 |  10.0
    Swamp:2 |   12375 |       0 |   0.0 |      28 |       0 |   0.0
    Swamp:3 |   19532 |    1557 |   7.4 |      45 |       3 |   6.2
    Swamp:4 |    1767 |    3885 |  68.7 |       9 |       9 |  50.0
      Orc:1 |    4720 |       0 |   0.0 |      38 |       0 |   0.0
      Orc:2 |    4160 |   12111 |  74.4 |      16 |      70 |  81.4
      Elf:1 |   10376 |    6081 |  37.0 |      17 |      13 |  43.3
      Elf:2 |   17734 |    7715 |  30.3 |      27 |       7 |  20.6
   Gauntlet |       0 |    5239 | 100.0 |       0 |      10 | 100.0
            +---------+---------+-------+---------+---------+-------
